 Dungeon Crawl Stone Soup version 0.30-a0-778-g2ef04afb54 (webtiles) character file.

Game seed: 9771922101213132929

95 Zenkrye the Poker (level 4, -2/35 HPs)
             Began as a Human Cinder Acolyte on Feb 15, 2023.
             Was a High Priest of Ignis.
             Killed from afar by a white imp (10 damage)
             ... with a puff of frost
             ... summoned by Natasha
             ... on level 2 of the Dungeon.
             The game lasted 00:05:02 (1932 turns).

Zenkrye the Poker (Human Cinder Acolyte)            Turns: 1932, Time: 00:05:02

Health: -2/35      AC:  6    Str: 16    XL:     4   Next: 97%
Magic:  2/5        EV: 11    Int: 14    God:    Ignis [*****.]
Gold:   95         SH:  0    Dex:  9    Spells: 3/5 levels left

rFire   + . .      SeeInvis .    a - -1 spear (flame)
rCold   . . .      Faith    .    (no shield)
rNeg    . . .      Spirit   .    c - +0 leather armour
rPois   .          Reflect  .    i - +2 helmet
rElec   .          Harm     .    (no cloak)
rCorr   .          Rampage  .    (no gloves)
Will    .....                    (no boots)
Stlth   +                        (no amulet)
HPRegen 0.25/turn                (no ring)
MPRegen 0.09/turn                (no ring)

@: very slightly contaminated
A: no striking features
a: Renounce Religion, Fiery Armour, Foxfire Swarm, Rising Flame


You were on level 2 of the Dungeon.
You worshipped Ignis.
Ignis was extremely pleased with you.
You visited 1 branch of the dungeon, and saw 2 of its levels.

You collected 95 gold pieces.

Inventory:

Hand Weapons
 a - a -1 spear of flaming (weapon)
 j - a +0 sling
Missiles
 k - 5 curare-tipped darts
 l - a throwing net {!f}
 o - 2 boomerangs
Armour
 b - a +0 robe
 c - a +0 leather armour (worn)
 i - a +2 helmet (worn)
Scrolls
 e - a scroll of poison {unknown}
 g - a scroll of teleportation {@r3}
 m - a scroll of fear
Potions
 d - a potion of invisibility
 f - 2 potions of degeneration {unknown}
 h - a potion of heal wounds {@q2}
 n - a potion of magic {unknown}


   Skills:
 - Level 3.0 Fighting
 * Level 4.6 Polearms
 + Level 1.1 Spellcasting
 + Level 3.8 Fire Magic


You had 3 spell levels left.
You knew the following spells:

 Your Spells              Type           Power      Damage    Failure   Level
a - Scorch                Fire           22%        2d6       10%         2

Your spell library contained the following spells:

 Spells                   Type           Power      Damage    Failure   Level
 Sublimation of Blood     Necr           0%         N/A       43%         2
 Wereblood                Tmut           0%         N/A       43%         2
 Summon Hydra             Summ           0%         N/A       100%        7


Dungeon Overview and Level Annotations

Branches:
Dungeon (2/15)

Altars:

Annotations:
D:2 1 runed translucent door, Crazy Yiuf, Natasha


Message History

Natasha misses you. The white imp barely misses you.
You hit Natasha but do no damage.
Natasha is moderately wounded.
Natasha closely misses you.
The white imp shouts, "Quail, thou puking swag-bellied reprobate!"
The white imp barely misses you.
You hit Natasha. You burn Natasha.
Natasha is almost dead.
Natasha barely misses you.
You barely miss Natasha.
Natasha is almost dead.
The white imp sputters.
The white imp gestures at you. The puff of frost hits you.
Natasha casts a spell at you. The magic dart hits you.
* * * LOW HITPOINT WARNING * * *
You hit Natasha but do no damage.
Natasha is almost dead.
The white imp hits you but does no damage.
You barely miss Natasha.
Natasha is almost dead.
Natasha completely misses you. The white imp closely misses you.
You closely miss Natasha.
Natasha is almost dead.
Natasha closely misses you.
The white imp hits you but does no damage.
You closely miss Natasha.
Natasha is almost dead.
Natasha claws you.
* * * LOW HITPOINT WARNING * * *
The white imp hits you but does no damage.
You barely miss Natasha.
Natasha is almost dead.
Natasha claws you but does no damage.
You hit Natasha but do no damage.
Natasha is almost dead.
The white imp gestures at you. The puff of frost hits you!
You die...

†..[...###.......# #.......#....#
.......###.......###.......######
...........................##....
...#####......##.###.......##.#..
...# #......#..# #.......##.#..
...# ########..# #####..<...'..
...# #..# ######.#.. ...# #5h#
#.#.. ...# #########.@#########
#.#.# #######.......#..#.......#
#.#.# ..............#..#.......##
#.#.#
..............#..#........###.#.#
#######.......#..#..........#.#.#
...# #########..#######....#.#.#
...# #..# ##.###.#.# ...# #..#
#.# #.#.. ...# #..########.#
#####


You could see Natasha and a white imp (summoned).

Vanquished Creatures
  Natasha (D:2)
  Robin (D:1)
  2 adders (D:2)
  A worm (D:2)
  A ball python (D:2)
  An endoplasm (D:2)
  A giant cockroach (D:2)
  13 goblins
  4 hobgoblins (D:2)
  2 kobolds (D:2)
  A quokka (D:1)
  4 bats
  4 frilled lizards
  A rat (D:2)
37 creatures vanquished.

Vanquished Creatures (others)
  A goblin (D:2)
1 creature vanquished.

Grand Total: 38 creatures vanquished

Notes
Turn   | Place    | Note
-------+----------+-------------------------------------------
     0 | D:1      | Zenkrye the Human Cinder Acolyte began the quest for the
                  | Orb.
     0 | D:1      | Reached XP level 1. HP: 18/18 MP: 2/2
   229 | D:1      | Reached XP level 2. HP: 24/24 MP: 3/3
   232 | D:1      | Learned a level 2 spell: Scorch
   240 | D:1      | Found a faded altar of an unknown god.
   573 | D:2      | Noticed Robin
   819 | D:2      | Reached XP level 3. HP: 27/29 MP: 1/4
   908 | D:1      | Killed Robin
   909 | D:1      | Reached skill level 4 in Polearms
   966 | D:2      | Reached XP level 4. HP: 35/35 MP: 5/5
  1269 | D:2      | Found a runed translucent door.
  1270 | D:2      | Noticed Crazy Yiuf
  1480 | D:2      | Noticed Natasha
  1488 | D:2      | Killed Natasha
  1909 | D:2      | Noticed Natasha
  1932 | D:2      | Killed from afar by a white imp

Illustrated notes

Levels and vault maps discovered:
D:1:      minmay_arrival_stone_box, layout_basic,
          chequers_ecumenical_altar_simple
D:2:      layout_basic, serial_co_window_serial, co_window_of_opportunity_a,
          co_window_paths_a, co_window_paths_a, co_window_of_opportunity_a,
          co_window_paths_b, co_window_2corner, co_window_2corner,
          co_window_unsneaky_path_d, co_window_unsneaky_path_d,
          co_window_broadway_a, co_window_broadway_b, co_window_paths_c,
          glass_columns_a, grunt_ministairs_2, uniq_robin, uniq_natasha,
          uniq_crazy_yiuf_cottage

Skill      XL: |  1  2  3 |
---------------+----------+-----
Polearms       | 4 |  4.6
Fighting       | |  3.0
Spellcasting   | |  1.1
Fire Magic     | |  3.8

Action                     |  1- 3 |  4- 6 || total
---------------------------+-------+-------++-------
  Melee: Spear             |    86 |    20 ||   106
   Fire: Sling             |       |    31 ||    31
   Cast: Scorch            |     7 |     9 ||    16
    Use: Scroll            |     5 |       ||     5
 Armour: Leather armour    |    16 |    13 ||    29
  Dodge: Dodged            |    43 |    23 ||    66

Table legend: (Time is in decaauts)
 A = Elapsed time spent in this place.
 B = Non-inter-level travel time spent in this place.
 C = Inter-level travel time spent in this place.
 D = Time resting spent in this place.
 E = Time spent auto-exploring this place.
 F = Levels seen in this place.
 G = Mean time per level.
                   A        B        C        D        E       F      G
               +--------+--------+--------+--------+--------+-----+--------+
         Total |   1954 |   1915 |     39 |    121 |   1473 |   2 |  977.0 |
       Dungeon |   1954 |   1915 |     39 |    121 |   1473 |   2 |  977.0 |
               +--------+--------+--------+--------+--------+-----+--------+

Top non-repeatable levels by time:
     D:2: 1247 daAuts
     D:1: 707 daAuts
